 Dungeon Crawl Stone Soup version 0.28.0-53-g5a82cb258f (webtiles) character file.

Game seed: 9656829313846270360

5 NoOneAtTheHelm the Grave Robber (level 1, -4/13 HPs)
             Began as a Human Necromancer on June 11, 2022.
             Slain by a gnoll
             ... wielding a +0 halberd
              (6 damage)
             ... on level 2 of the Dungeon.
             The game lasted 00:21:03 (823 turns).

NoOneAtTheHelm the Grave Robber (Human Necromancer)  Turns: 823, Time: 00:21:04

Health: -4/13      AC: 10    Str:  8    XL:     1   Next: 88%
Magic:  3/3        EV: 11    Int: 15    God:
Gold:   50         SH:  2    Dex:  9    Spells: 2/4 levels left

rFire   . . .      SeeInvis .   k - +8 dagger of Ysadonikh {protect, Fly rElec rPois Dex-4}
rCold   . . .      Faith    .   e - +0 buckler
rNeg    . . .      Spirit   .   a - +0 robe
rPois   +          Reflect  .   (no helmet)
rElec   +          Harm     .   c - +0 cloak
rCorr   .          Rampage  .   (no gloves)
Will    .....                   (no boots)
Stlth   ++........              (no amulet)
HPRegen 0.04/turn               (no ring)
MPRegen 0.08/turn               (no ring)

@: under a protective aura, flying
A: no striking features
a: no special abilities


You were on level 2 of the Dungeon.
You visited 1 branch of the dungeon, and saw 2 of its levels.

You collected 50 gold pieces.

Inventory:

Hand Weapons
 b - a +0 club
 g - a +0 short sword
 h - a +0 flail
 k - the +8 dagger of Ysadonikh (weapon) {protect, Fly rElec rPois Dex-4}
   (You found it on level 2 of the Dungeon)

   It grants its wielder temporary protection when it strikes (+7 to AC).
   Dex:       It affects your dexterity (-4).
   rElec:     It insulates you from electricity.
   rPois:     It protects you from poison.
   Fly:       It grants you flight.
Missiles
 d - 23 stones
 f - 23 arrows
 i - 45 sling bullets
Armour
 a - a +0 robe (worn)
 c - a +0 cloak (worn)
 e - a +0 buckler (worn)
Scrolls
 j - a scroll of blinking {unknown}
Potions
 l - 2 potions of curing {unknown}


   Skills:
 + Level 2.0 Dodging
 + Level 2.1 Stealth
 + Level 2.0 Spellcasting
 + Level 4.2 Necromancy


You had 2 spell levels left.
You knew the following spells:

 Your Spells              Type           Power      Damage    Failure   Level
a - Pain                  Necr           56%        1d6       5%          1
b - Animate Skeleton      Necr           28%        N/A       5%          1

Your spell library contained the following spells:

 Spells                   Type           Power      Damage    Failure   Level
 Vampiric Draining        Necr           14%        2d7       16%         3
 Animate Dead             Necr           7%         N/A       47%         4
 Agony                    Necr           14%        N/A       83%         5


Dungeon Overview and Level Annotations

Branches:
Dungeon (2/15)

Altars:


Message History

Press: ? - help, Q - select action, (/) - cycle Shift-Dir - straight line, f - gnoll
Aim: a gnoll, wielding a +0 halberd (chance to affect: 78%)
The gnoll barely resists.
The gnoll shouts!
Aiming: Pain (safe; 5% risk of failure)
Press: ? - help, Q - select action, (/) - cycle Shift-Dir - straight line, f/p - gnoll
Aim: a gnoll, wielding a +0 halberd (chance to affect: 78%)
The gnoll writhes in agony.
Aiming: Pain (safe; 5% risk of failure)
Press: ? - help, Q - select action, (/) - cycle Shift-Dir - straight line, f/p - gnoll
Aim: a gnoll, wielding a +0 halberd (moderately wounded, chance to affect: 78%)
You miscast Pain.
You are very lightly contaminated with residual magic.
Nothing appears to happen.
The gnoll barely misses you.
There is a stone staircase leading up here.
The gnoll closely misses you.
You fly upwards.
Your magical contamination has completely faded away.
There is a stone staircase leading down here.
Press: ? - help, v - describe, . - travel A dispersal trap.
Sorry, I don't know how to traverse that place.
You start resting.
Magic restored.
Search for what [? for help]? stairs Can't find anything matching that.
There is a stone staircase leading down here.
You fly downwards.
The gnoll misses you. The gnoll hits you with a +0 club!
Ouch! That really hurt!
There is a stone staircase leading up, spattered with blood here.
You puncture the gnoll!
Your weapon exudes an aura of protection.
The gnoll is severely wounded.
The gnoll hits you but does no damage. The gnoll hits you with a +0 club.
* * * LOW HITPOINT WARNING * * *
The gnoll closely misses you.
The gnoll hits you but does no damage. x2
The gnoll hits you from afar with a +0 halberd.
You die...

#...# .....######
#...# ...........
+...+ ........#.#
#...# ........#.#
#...#
........#.###...######
.............g........
J.........##g........#
#.....[.....@.......#
#.....#...#..g......#
#.....#.............#
#######..####.......#
#.............#
#.............#
#.............#
#.............#
##...###..


You could see 3 gnolls.

Vanquished Creatures
  An endoplasm (D:1)
  A goblin (D:1)
  A quokka (D:2)
  A frilled lizard (D:1)
  A kobold (D:1)
5 creatures vanquished.

Notes
Turn   | Place    | Note
-------+----------+-------------------------------------------
     0 | D:1      | NoOneAtTheHelm the Human Necromancer began the quest for
                  | the Orb.
     0 | D:1      | Reached XP level 1. HP: 13/13 MP: 3/3
     2 | D:1      | Learned a level 1 spell: Animate Skeleton
   709 | D:2      | Identified the +8 dagger of Ysadonikh {protect, Fly rElec
                  | rPois Dex-4}
   823 | D:2      | Slain by a gnoll

Illustrated notes

Levels and vault maps discovered:
D:1:      minmay_arrival_stone_box, layout_rooms
D:2:      layout_basic, shapermc_ecumenical_altar_venn

Action                   || total
-------------------------++-------
Melee: Club              ||    12
       Dagger            ||     1
 Cast: Pain              ||     8
       Animate Skeleton  ||     2
  Use: Scroll            ||     3
Armor: Robe              ||     4
Dodge: Dodged            ||    12
Block: Buckler           ||     2
